 Dungeon Crawl Stone Soup version 0.31-a0-354-g827e0957a7 (webtiles) character file.

Game seed: 15487999008549477650

14 Bnni the Ruffian (level 2, -1/18 HPs)
             Began as an Octopode Shapeshifter on July 24, 2023.
             Slain by an endoplasm (2 damage)
             ... on level 1 of the Dungeon.
             The game lasted 00:00:18 (147 turns).

Bnni the Ruffian (Octopode Shapeshifter)             Turns: 147, Time: 00:00:18

Health: -1/18      AC:  1    Str: 14    XL:     2   Next: 41%
Magic:  2/2        EV: 13    Int: 10    God:
Gold:   28         SH:  0    Dex: 12    Spells: 1/1 levels left

rFire   . .          .
                       - Unarmed
rCold   . . .        (no shield)
rNeg    . . .        (helmet currently unavailable)
rPois   .            (no amulet)
rElec   .            (no ring)
rCorr   .            (no ring)
SInv    .            (no ring)
Will    .....        (no ring)
Stlth   ++           (no ring)
HPRegen 0.23/turn    (no ring)
MPRegen 0.08/turn    (no ring)
                     (no ring)

%: no passive effects
@: beast-form
A: beast (slay +2), almost no armour, amphibious, 8 rings, camouflage 1,
gelatinous body 1, (nimble swimmer 1), tentacles
a: Begin Untransformation


You were on level 1 of the Dungeon.
You were a hulking beast.
You visited 1 branch of the dungeon, and saw 1 of its levels.

You collected 28 gold pieces.

Inventory:

Talismans
 b - a beast talisman
Potions
 a - a potion of lignification


   Skills:
 + Level 1.3 Fighting
 - Level 2.0 Dodging
 * Level 3.3 Unarmed Combat
 * Level 3.2 Shapeshifting


You had one spell level left.
You didn't know any spells.
Your spell library was empty.

Dungeon Overview and Level Annotations

Branches:
Dungeon (1/15)

Altars:


Innate Abilities, Weirdness & Mutations

You are a hulking beast.
Your limbs bulge with bestial killing power. (Slay +2)
You cannot wear most types of armour.
You are amphibious.
You can wear up to eight rings at the same time.
Your skin changes colour to match your surroundings (Stealth+).
Your rubbery body absorbs attacks. (AC +1, EV +1)
((You are camouflaged when in or above water. (Stealth+)))
You have tentacles for arms and can constrict up to eight enemies at once.


Message History

Found a dagger.
No target in view!
A kobold comes into view. It is wielding a +0 whip.
A frilled lizard comes into view.
Found a silvery potion.
There are monsters nearby!
Found a spear.
A kobold comes into view. It is wielding a +0 whip.
The kobold shouts!
The frilled lizard hisses angrily.
The kobold shouts!
An endoplasm comes into view.
The endoplasm quivers.
You tentacle-slap the kobold. Your grab misses the kobold.
You squeeze the kobold.
You kill the kobold!
An endoplasm comes into view.
The frilled lizard bites you.
You closely miss the frilled lizard.
The endoplasm quivers.
You grab the frilled lizard. You squeeze the frilled lizard.
The frilled lizard is heavily wounded.
You constrict the frilled lizard.
You kill the frilled lizard!
The kobold closely misses you.
You barely miss the kobold. Your grab misses the kobold.
The kobold hits you with a +0 whip.
You closely miss the kobold. Your grab misses the kobold.
The kobold hits you with a +0 whip.
You tentacle-slap the endoplasm but do no damage.
The endoplasm misses you. The kobold misses you.
You tentacle-slap the endoplasm.
The endoplasm is heavily wounded.
The kobold hits you with a +0 whip.
The endoplasm jiggles.
The endoplasm freezes you.
You are frozen.
* * * LOW HITPOINT WARNING * * *
You tentacle-slap the endoplasm.
You kill the endoplasm!
The endoplasm hits you.
You die...

####### .#
#...............# .#
................. .#
............).... .#
................. .#
#...............#
.###### #.............#
##....### #.!)..J.#
##... #..# #...hK# .
##.####.#.# ##...## ..
...#..#....####.####...
##.....................
....#####...)..........
.†.....................
.†...###........#......
.....###.####.###......
....).##.#....# ......


You could see an endoplasm and a kobold.

Vanquished Creatures
  An endoplasm (D:1)
  A giant cockroach (D:1)
  A hobgoblin (D:1)
  3 jackals (D:1)
  A kobold (D:1)
  A quokka (D:1)
  A ball python (D:1)
  2 bats (D:1)
  A frilled lizard (D:1)
  2 rats (D:1)
14 creatures vanquished.

Notes
Turn   | Place    | Note
-------+----------+-------------------------------------------
     0 | D:1      | Bnni the Octopode Shapeshifter began the quest for the Orb.
     0 | D:1      | Reached XP level 1. HP: 13/13 MP: 1/1
    90 | D:1      | Reached XP level 2. HP: 14/18 MP: 2/2
   147 | D:1      | Slain by an endoplasm

Illustrated notes

Levels and vault maps discovered:
D:1:      dpeg_arrival_arbitrary_c, layout_basic, nicolae_figureground_pulse

Action                     || total
---------------------------++-------
  Melee: Unarmed           ||    28
         Constrict         ||     7
         Tentacles         ||     4
   Stab: Sleeping          ||     3
 Armour: Skin              ||     1
  Dodge: Dodged            ||    18

Table legend: (Time is in decaauts)
 A = Elapsed time spent in this place.
 B = Non-inter-level travel time spent in this place.
 C = Inter-level travel time spent in this place.
 D = Time resting spent in this place.
 E = Time spent auto-exploring this place.
 F = Levels seen in this place.
 G = Mean time per level.
                   A        B        C        D        E       F      G
               +--------+--------+--------+--------+--------+-----+--------+
         Total |    145 |    145 |      0 |      0 |     88 |   1 |  145.0 |
       Dungeon |    145 |    145 |      0 |      0 |     88 |   1 |  145.0 |
               +--------+--------+--------+--------+--------+-----+--------+

Top non-repeatable levels by time:
     D:1: 145 daAuts
